Panthers vs Senateurs

Created - November 9, 2019 at 20:40

Goals
1 2 3 T
Panthers 1 1 3 5
Senateurs 1 1 0 2
Shots
1 2 3 T
Panthers 3 15 8 26
Senateurs 11 9 7 27

1st period

1. Senateurs , Daniel Briere 5 (Mark Giordano 3, Dion Phaneuf 6) at 2:18
2. Panthers , Alex Galchenyuk 3 (Jonathan Sigalet 2, Matt Duchene 4) at 7:31

Penalties :
Jonathan Sigalet (Flo) for Hooking (Minor) at 2:39, Erik Gudbranson (Flo) for High sticking (Minor) at 16:35, Jonathan Matsumoto (Flo) for High sticking (Minor) at 19:22

2nd period

3. Senateurs , Evgeni Malkin 3 (Nate Prosser 4, Daniel Sedin 3) at 1:30
4. Panthers , Alex Galchenyuk 4 (Marek Svatos 4) at 9:51

Penalties :
Marek Svatos (Flo) for Roughing (Double Minor) at 5:34, Dion Phaneuf (Ott) for Hooking (Minor) at 13:08

3rd period

5. Panthers , Alex Galchenyuk 5 (Matt Duchene 5) at 6:20
6. Panthers , Matt Duchene 7 (Alex Galchenyuk 5, Steve Montador 1) at 15:53
7. Panthers , Steve Quailer 3 (Stephen Weiss 2, Jonathan Sigalet 3) at 17:16

Penalties :
Erik Gudbranson (Flo) for Hooking (Minor) at 1:28, Kyle Clifford (Flo) for Goalie Interference (Minor) at 6:37, Jonathan Sigalet (Flo) for Roughing (Minor) at 10:05

Goalie Stats

Braden Holtby (Flo), 25 saves from 27 shots - (0.926), W, 1-2-0, 60:00 minutes
Roberto Luongo (Ott), 21 saves from 26 shots - (0.808), L, 0-2-0, 60:00 minutes

Players Stats for Panthers

Player Name              G  A  P  +/- PIM S  H  SB GA TA FO     MP     PP MP  PK MP  
------------------------------------------------------------------------------------
Alex Galchenyuk          3  1  4   3  0   5  1  0  0  0  1/1    19:12   1:03   1:57 
Brandon Gormley          0  0  0   0  0   0  2  4  0  1  0/0    23:15   0:43   7:10 
Daniel Paille            0  0  0   0  0   0  0  0  0  0  0/0     5:53   0:00   0:00 
Dany Heatley             0  0  0   2  0   1  2  2  0  0  0/1    13:26   0:00   3:24 
Drew Stafford            0  0  0  -1  0   1  0  1  0  0  2/2    19:54   0:56   8:20 
Erik Gudbranson          0  0  0   2  4   2  2  3  0  1  0/0    25:39   1:16   6:28 
Jean-Gabriel Pageau      0  0  0  -1  0   0  0  2  1  0  13/22  19:47   0:56   8:21 
Jonathan Matsumoto       0  0  0   0  2   2  1  0  0  0  0/1    10:28   0:00   4:36 
Jonathan Sigalet         0  2  2   2  4   3  0  1  0  1  0/0    25:16   1:16   6:33 
Kurtis Foster            0  0  0   0  0   1  1  1  1  1  0/0    16:05   0:00   6:30 
Kyle Clifford            0  0  0  -1  2   2  0  1  0  0  0/0    16:05   0:56   4:42 
Marek Svatos             0  1  1   3  4   2  0  0  0  0  2/3    17:03   1:03   0:00 
Matt Duchene             1  2  3   2  0   3  3  0  1  0  11/20  17:12   1:03   0:26 
Matt Irwin               0  0  0   1  0   1  1  1  1  0  0/0    11:20   0:43   1:37 
Patrick Eaves            0  0  0   0  0   0  0  0  0  0  0/0     5:53   0:00   0:00 
Stephen Weiss            0  1  1   1  0   1  1  0  0  0  1/6     9:25   0:00   0:00 
Steve Montador           0  1  1   1  0   0  1  0  0  1  0/0    18:42   0:00   3:28 
Steve Quailer            1  0  1   1  0   2  1  0  1  0  0/0     9:25   0:00   0:00 

Players Stats for Senateurs

Player Name              G  A  P  +/- PIM S  H  SB GA TA FO     MP     PP MP  PK MP  
------------------------------------------------------------------------------------
Arturs Kulda             0  0  0   0  0   0  0  0  0  0  0/0     2:04   0:00   0:23 
Carlo Colaiacovo         0  0  0  -1  0   0  1  2  0  0  0/0    12:03   0:47   1:12 
Cody Franson             0  0  0  -1  0   1  2  2  0  0  0/0    27:14  10:01   1:14 
Colby Armstrong          0  0  0   1  0   0  3  1  0  0  0/1    18:30   7:00   0:00 
Daniel Briere            1  0  1  -1  0   4  1  0  0  0  1/5    12:52   0:03   0:31 
Daniel Sedin             0  1  1   0  0   1  1  1  1  0  0/0    18:04   6:54   0:00 
Dion Phaneuf             0  1  1  -1  2   0  1  2  0  1  0/0    27:41  10:01   0:00 
Duncan Keith             0  0  0  -1  0   1  2  2  0  1  0/0    20:47   5:46   0:36 
Evgeni Malkin            1  0  1   0  0   4  0  1  1  1  8/11   18:55   7:00   1:05 
Jamie Benn               0  0  0  -2  0   5  2  0  0  0  2/4    22:01   8:04   0:23 
Mark Giordano            0  1  1  -1  0   0  0  0  0  0  0/0    10:09   0:06   0:00 
Nate Prosser             0  1  1  -1  0   0  0  2  0  0  0/0    20:43   5:46   0:33 
Phil Kessel              0  0  0  -2  0   5  2  0  0  1  0/0    22:24   8:06   0:31 
Radim Vrbata             0  0  0  -2  0   1  1  0  1  0  0/0    13:47   0:56   0:00 
Ryan Hollweg             0  0  0  -1  0   0  1  0  0  0  0/0     6:17   0:00   0:23 
Sergei Kostitsyn         0  0  0   0  0   1  1  0  0  0  0/0    13:37   0:49   0:00 
Sidney Crosby            0  0  0  -1  0   4  2  0  2  1  14/34  25:38   8:06   1:05 
Stephane Da Costa        0  0  0  -1  0   0  1  0  0  0  1/1     5:14   0:00   0:00 

3 Stars

1 - Alex Galchenyuk (Flo)
2 - Matt Duchene (Flo)
3 - Steve Quailer (Flo)

Power Play

Panthers - 0 on 1 Attempt(s) - 0.00%
Senateurs - 0 on 8 Attempt(s) - 0.00%

Penalty Kill

Panthers - 8 on 8 Attempt(s) - 100.00% - Score 0 goal in Penalty Kill
Senateurs - 1 on 1 Attempt(s) - 100.00% - Score 0 goal in Penalty Kill

Team Stat

Panthers - Hits : 16 - Faceoff Wins : 30 - Blocked Shots : 16 - Penalty Minutes : 16
Senateurs - Hits : 21 - Faceoff Wins : 26 - Blocked Shots : 13 - Penalty Minutes : 2

Official

Referees : Unknown
Linesman : Unknown

Game Notes

Alex Galchenyuk has scored a Hat Trick!

Finance

Level 1 -- Attendance: 6000 (100.00%) -- Ticket Income $618,000
Level 2 -- Attendance: 3844 (76.88%) -- Ticket Income $261,392
Level 3 -- Attendance: 2000 (100.00%) -- Ticket Income $86,000
Level 4 -- Attendance: 4000 (100.00%) -- Ticket Income $112,000
Luxury Box -- Attendance: 977 (97.70%) -- Ticket Income $175,860
Game was played at the Place Banque Scotia.
Total Attendance: 16821 (93.45%)
Total Ticket Income: $1,253,252
Other Income: $187,988
Total Income: $1,441,240

Panthers

5 vs 5 Forward 
   Center                   Left Wing                Right Wing               Time % Phy DF OF 
 1 Matt Duchene             Alex Galchenyuk          Marek Svatos             40     0   2  3  
 2 Jean-Gabriel Pageau      Kyle Clifford            Drew Stafford            30     0   2  3  
 3 Stephen Weiss            Dany Heatley             Steve Quailer            20     0   3  2  
 4 Jonathan Matsumoto       Daniel Paille            Patrick Eaves            10     1   2  2  

5 vs 5 Defense 
   Defense                  Defense                                           Time % Phy DF OF 
 1 Erik Gudbranson          Jonathan Sigalet                                  40     0   2  3  
 2 Steve Montador           Brandon Gormley                                   30     0   2  3  
 3 Matt Irwin               Kurtis Foster                                     20     0   3  2  
 4 Erik Gudbranson          Jonathan Sigalet                                  10     0   2  3  

PowerPlay Forward 
   Center                   Left Wing                Right Wing               Time % Phy DF OF 
 1 Matt Duchene             Alex Galchenyuk          Marek Svatos             60     0   1  4  
 2 Jean-Gabriel Pageau      Kyle Clifford            Drew Stafford            40     0   1  4  

PowerPlay Defense
   Defense                  Defense                                           Time % Phy DF OF 
 1 Erik Gudbranson          Jonathan Sigalet                                  60     0   2  3  
 2 Brandon Gormley          Matt Irwin                                        40     0   2  3  

Penalty Kill 4 Players Forward 
   Center                   Wing                     Time % Phy DF OF 
 1 Jean-Gabriel Pageau      Drew Stafford            60     1   3  1  
 2 Jonathan Matsumoto       Kyle Clifford            40     1   3  1  

Penalty Kill 4 Players Defense
   Defense                  Defense                  Time % Phy DF OF 
 1 Erik Gudbranson          Jonathan Sigalet         60     1   4  0  
 2 Kurtis Foster            Brandon Gormley          40     1   4  0  

Penalty Kill - 3 Players Forward 
   Forward                                           Time % Phy DF OF 
 1 Drew Stafford                                     60     1   3  1  
 2 Kyle Clifford                                     40     1   3  1  

Penalty Kill - 3 Players Defense
   Defense                  Defense                  Time % Phy DF OF 
 1 Erik Gudbranson          Jonathan Sigalet         60     1   4  0  
 2 Kurtis Foster            Brandon Gormley          40     1   4  0  

4 vs 4 Forward 
   Center                   Wing                     Time % Phy DF OF 
 1 Matt Duchene             Alex Galchenyuk          60     0   2  3  
 2 Jean-Gabriel Pageau      Kyle Clifford            40     0   2  3  

4 vs 4 Defense
   Defense                  Defense                  Time % Phy DF OF 
 1 Erik Gudbranson          Jonathan Sigalet         60     0   2  3  
 2 Steve Montador           Brandon Gormley          40     0   2  3  

Last Minutes Offensive
   Center                   Left Wing                Right Wing               Defense                  Defense                  
   Matt Duchene             Alex Galchenyuk          Marek Svatos             Erik Gudbranson          Jonathan Sigalet         

Last Minutes Defensive
   Center                   Left Wing                Right Wing               Defense                  Defense                  
   Jean-Gabriel Pageau      Kyle Clifford            Drew Stafford            Erik Gudbranson          Jonathan Sigalet         

Goaltenders
Starting : Braden Holtby            
Backup : Petr Mrazek              

Extra Forwards
Normal : Kyle Clifford, Alex Galchenyuk, Matt Duchene - PP : Kyle Clifford, Alex Galchenyuk - PK : Dany Heatley
Extra Defensemen
Normal : Brandon Gormley, Erik Gudbranson, Matt Irwin - PP : Matt Irwin - PK : Brandon Gormley, Erik Gudbranson
Penalty Shots
Alex Galchenyuk, Stephen Weiss, Kyle Clifford, Jean-Gabriel Pageau, Matt Duchene

Scratches
None

Senateurs

5 vs 5 Forward 
   Center                   Left Wing                Right Wing               Time % Phy DF OF 
 1 Sidney Crosby            Jamie Benn               Phil Kessel              40     1   2  2  
 2 Evgeni Malkin            Daniel Sedin             Colby Armstrong          30     1   2  2  
 3 Daniel Briere            Sergei Kostitsyn         Radim Vrbata             20     1   2  2  
 4 Stephane Da Costa        Ryan Hollweg             Sidney Crosby            10     1   2  2  

5 vs 5 Defense 
   Defense                  Defense                                           Time % Phy DF OF 
 1 Dion Phaneuf             Cody Franson                                      40     1   2  2  
 2 Duncan Keith             Nate Prosser                                      30     1   2  2  
 3 Mark Giordano            Carlo Colaiacovo                                  20     1   2  2  
 4 Arturs Kulda             Dion Phaneuf                                      10     1   2  2  

PowerPlay Forward 
   Center                   Left Wing                Right Wing               Time % Phy DF OF 
 1 Sidney Crosby            Jamie Benn               Phil Kessel              60     1   2  2  
 2 Evgeni Malkin            Daniel Sedin             Colby Armstrong          40     1   2  2  

PowerPlay Defense
   Defense                  Defense                                           Time % Phy DF OF 
 1 Dion Phaneuf             Cody Franson                                      60     1   2  2  
 2 Duncan Keith             Nate Prosser                                      40     1   2  2  

Penalty Kill 4 Players Forward 
   Center                   Wing                     Time % Phy DF OF 
 1 Sidney Crosby            Evgeni Malkin            60     1   2  2  
 2 Phil Kessel              Daniel Briere            40     1   2  2  

Penalty Kill 4 Players Defense
   Defense                  Defense                  Time % Phy DF OF 
 1 Dion Phaneuf             Cody Franson             60     1   2  2  
 2 Duncan Keith             Nate Prosser             40     1   2  2  

Penalty Kill - 3 Players Forward 
   Forward                                           Time % Phy DF OF 
 1 Sidney Crosby                                     60     1   2  2  
 2 Evgeni Malkin                                     40     1   2  2  

Penalty Kill - 3 Players Defense
   Defense                  Defense                  Time % Phy DF OF 
 1 Dion Phaneuf             Cody Franson             60     1   2  2  
 2 Duncan Keith             Nate Prosser             40     1   2  2  

4 vs 4 Forward 
   Center                   Wing                     Time % Phy DF OF 
 1 Sidney Crosby            Evgeni Malkin            60     1   2  2  
 2 Phil Kessel              Daniel Briere            40     1   2  2  

4 vs 4 Defense
   Defense                  Defense                  Time % Phy DF OF 
 1 Dion Phaneuf             Cody Franson             60     1   2  2  
 2 Duncan Keith             Nate Prosser             40     1   2  2  

Last Minutes Offensive
   Center                   Left Wing                Right Wing               Defense                  Defense                  
   Sidney Crosby            Jamie Benn               Phil Kessel              Dion Phaneuf             Cody Franson             

Last Minutes Defensive
   Center                   Left Wing                Right Wing               Defense                  Defense                  
   Sidney Crosby            Jamie Benn               Phil Kessel              Dion Phaneuf             Cody Franson             

Goaltenders
Starting : Roberto Luongo           
Backup : Ondrej Pavelec           

Extra Forwards
Normal : Sergei Kostitsyn, Radim Vrbata, Ryan Hollweg - PP : Sergei Kostitsyn, Radim Vrbata - PK : Ryan Hollweg
Extra Defensemen
Normal : Mark Giordano, Carlo Colaiacovo, Arturs Kulda - PP : Mark Giordano - PK : Carlo Colaiacovo, Arturs Kulda
Penalty Shots
Sidney Crosby, Evgeni Malkin, Phil Kessel, Daniel Briere, Jamie Benn

Scratches
Chris Kunitz (Healthy), Michel Ouellet (Healthy), Keven Bouchard (Healthy)

% Time on Ice - Panthers

Lines # - Real PCT - Wanted PCT - Time Play
Normal Forward
1 - 39% - 40% - 16:22
2 - 25% - 30% - 10:28
3 - 22% - 20% - 9:25
4 - 14% - 10% - 5:53
Normal Defense
1 - 44% - 40% - 18:20
2 - 36% - 30% - 15:02
3 - 19% - 20% - 8:11
4 - 1% - 10% - 0:35
PP Forward
1 - 53% - 60% - 1:03
2 - 47% - 40% - 0:56
PP Defense
1 - 64% - 60% - 1:16
2 - 36% - 40% - 0:43
PK Forward
1 - 66% - 60% - 10:33
2 - 34% - 40% - 5:20
PK Defense
1 - 74% - 60% - 11:48
2 - 26% - 40% - 4:05
PK3 Forward
1 - 0% - 60%
2 - 0% - 40%
PK3 Defense
1 - 0% - 60%
2 - 0% - 40%
44 Forward
1 - 0% - 60%
2 - 0% - 40%
44 Defense
1 - 0% - 60%
2 - 0% - 40%
Last Minute Offensive  - 0:00
Last Minute Defensive  - 0:00
Total
Forward - 60:00
Defense - 60:00

% Time on Ice - Senateurs

Lines # - Real PCT - Wanted PCT - Time Play
Normal Forward
1 - 33% - 40% - 13:49
2 - 26% - 30% - 11:08
3 - 28% - 20% - 11:57
4 - 12% - 10% - 5:14
Normal Defense
1 - 38% - 40% - 16:00
2 - 34% - 30% - 14:24
3 - 24% - 20% - 10:03
4 - 4% - 10% - 1:41
PP Forward
1 - 56% - 60% - 8:53
2 - 44% - 40% - 7:00
PP Defense
1 - 63% - 60% - 10:01
2 - 37% - 40% - 5:52
PK Forward
1 - 74% - 60% - 1:28
2 - 26% - 40% - 0:31
PK Defense
1 - 72% - 60% - 1:26
2 - 28% - 40% - 0:33
PK3 Forward
1 - 0% - 60%
2 - 0% - 40%
PK3 Defense
1 - 0% - 60%
2 - 0% - 40%
44 Forward
1 - 0% - 60%
2 - 0% - 40%
44 Defense
1 - 0% - 60%
2 - 0% - 40%
Last Minute Offensive  - 0:00
Last Minute Defensive  - 0:00
Total
Forward - 60:00
Defense - 60:00

Play-by-Play

1st period


0:01 of 1st period - Matt Duchene wins face-off versus Sidney Crosby in neutral zone.
0:53 of 1st period - Slapshot by Dion Phaneuf.
0:53 of 1st period - Deflect By Daniel Briere.
0:53 of 1st period - Stopped by Braden Holtby with a rebound.
1:36 of 1st period - Evgeni Malkin is hit by Matt Duchene and loses puck.
2:14 of 1st period - Snap shot by Daniel Briere.
2:14 of 1st period - Shot Misses the Net.
2:16 of 1st period - Snap shot by Dion Phaneuf.
2:16 of 1st period - Shot Blocked by Jean-Gabriel Pageau.
2:18 of 1st period - Slapshot by Mark Giordano.
2:18 of 1st period - Deflect By Daniel Briere.
2:18 of 1st period - Goal by Daniel Briere - Panthers : 0 - Senateurs : 1.
2:19 of 1st period - Sidney Crosby wins face-off versus Matt Duchene in neutral zone.
2:34 of 1st period - Slapshot by Phil Kessel.
2:34 of 1st period - Stopped by Braden Holtby without a rebound.
2:35 of 1st period - Evgeni Malkin wins face-off versus Stephen Weiss in Panthers zone.
2:39 of 1st period - Minor Penalty to Jonathan Sigalet for Hooking.
2:40 of 1st period - Jean-Gabriel Pageau wins face-off versus Sidney Crosby in Panthers zone.
3:32 of 1st period - Kurtis Foster is hit by Duncan Keith and loses puck.
4:39 of 1st period - Penalty to Jonathan Sigalet is over, Jonathan Sigalet is back on ice.
4:59 of 1st period - Carlo Colaiacovo is hit by Matt Irwin and loses puck.
5:48 of 1st period - Carlo Colaiacovo is hit by Dany Heatley and loses puck.
6:11 of 1st period - Evgeni Malkin is hit by Brandon Gormley and loses puck.
6:39 of 1st period - Steve Quailer is hit by Cody Franson and loses puck.
7:25 of 1st period - Snap shot by Matt Duchene.
7:25 of 1st period - Shot Misses the Net.
7:27 of 1st period - Snap shot by Alex Galchenyuk.
7:27 of 1st period - Shot Blocked by Carlo Colaiacovo.
7:29 of 1st period - Slapshot by Jonathan Sigalet.
7:29 of 1st period - Stopped by Roberto Luongo with a rebound.
7:31 of 1st period - Snap shot by Alex Galchenyuk.
7:31 of 1st period - Goal by Alex Galchenyuk - Panthers : 1 - Senateurs : 1.
7:32 of 1st period - Matt Duchene wins face-off versus Sidney Crosby in neutral zone.
7:38 of 1st period - Off-side.
7:39 of 1st period - Sidney Crosby wins face-off versus Matt Duchene in neutral zone.
7:42 of 1st period - Backhand shot by Phil Kessel.
7:42 of 1st period - Shot Blocked by Brandon Gormley.
7:44 of 1st period - Snap shot by Jamie Benn.
7:44 of 1st period - Stopped by Braden Holtby with a rebound.
7:46 of 1st period - Slapshot by Jamie Benn.
7:46 of 1st period - Stopped by Braden Holtby without a rebound.
7:47 of 1st period - Sidney Crosby wins face-off versus Jean-Gabriel Pageau in Panthers zone.
8:02 of 1st period - Snap shot by Sidney Crosby.
8:02 of 1st period - Shot Blocked by Jonathan Sigalet.
8:16 of 1st period - Snap shot by Sergei Kostitsyn.
8:16 of 1st period - Deflect By Daniel Briere.
8:16 of 1st period - Shot Misses the Net.
8:16 of 1st period - Puck is out of play.
8:17 of 1st period - Matt Duchene wins face-off versus Daniel Briere in Panthers zone.
8:22 of 1st period - Radim Vrbata is hit by Alex Galchenyuk and loses puck.
9:27 of 1st period - Jonathan Sigalet is hit by Stephane Da Costa and loses puck.
10:22 of 1st period - Snap shot by Kyle Clifford.
10:22 of 1st period - Stopped by Roberto Luongo without a rebound.
10:23 of 1st period - Evgeni Malkin wins face-off versus Jean-Gabriel Pageau in Senateurs zone.
10:55 of 1st period - Wrist shot by Jean-Gabriel Pageau.
10:55 of 1st period - Shot Misses the Net.
11:00 of 1st period - Off-side.
11:01 of 1st period - Matt Duchene wins face-off versus Sidney Crosby in neutral zone.
11:16 of 1st period - Snap shot by Phil Kessel.
11:16 of 1st period - Stopped by Braden Holtby with a rebound.
11:32 of 1st period - Wrist shot by Radim Vrbata.
11:32 of 1st period - Stopped by Braden Holtby with a rebound.
12:16 of 1st period - Snap shot by Sidney Crosby.
12:16 of 1st period - Stopped by Braden Holtby with a rebound.
13:32 of 1st period - Jonathan Sigalet is hit by Jamie Benn and loses puck.
14:28 of 1st period - Matt Irwin is hit by Ryan Hollweg and loses puck.
15:10 of 1st period - Carlo Colaiacovo is hit by Matt Duchene and loses puck.
15:29 of 1st period - Slapshot by Evgeni Malkin.
15:29 of 1st period - Shot Blocked by Dany Heatley.
15:40 of 1st period - Off-side.
15:41 of 1st period - Stephane Da Costa wins face-off versus Jonathan Matsumoto in neutral zone.
16:23 of 1st period - Wrist shot by Jamie Benn.
16:23 of 1st period - Stopped by Braden Holtby without a rebound.
16:24 of 1st period - Jean-Gabriel Pageau wins face-off versus Sidney Crosby in Panthers zone.
16:30 of 1st period - Off-side.
16:31 of 1st period - Evgeni Malkin wins face-off versus Matt Duchene in neutral zone.
16:35 of 1st period - Minor Penalty to Erik Gudbranson for High sticking.
16:36 of 1st period - Sidney Crosby wins face-off versus Jean-Gabriel Pageau in Panthers zone.
17:14 of 1st period - Snap shot by Evgeni Malkin.
17:14 of 1st period - Shot Misses the Net.
17:16 of 1st period - Slapshot by Dion Phaneuf.
17:16 of 1st period - Shot Hit the Post.
17:56 of 1st period - Evgeni Malkin is hit by Brandon Gormley and loses puck.
18:35 of 1st period - Penalty to Erik Gudbranson is over, Erik Gudbranson is back on ice.
19:22 of 1st period - Minor Penalty to Jonathan Matsumoto for High sticking.
19:23 of 1st period - Sidney Crosby wins face-off versus Jean-Gabriel Pageau in Panthers zone.
19:24 of 1st period - Snap shot by Phil Kessel.
19:24 of 1st period - Stopped by Braden Holtby without a rebound.
19:25 of 1st period - Jean-Gabriel Pageau wins face-off versus Sidney Crosby in Panthers zone.
19:25 of 1st period - Jean-Gabriel Pageau is hit by Dion Phaneuf.
19:53 of 1st period - Slapshot by Dion Phaneuf.
19:53 of 1st period - Shot Blocked by Dany Heatley.
19:55 of 1st period - Wrist shot by Cody Franson.
19:55 of 1st period - Shot Misses the Net.
19:57 of 1st period - Snap shot by Sidney Crosby.
19:57 of 1st period - Stopped by Braden Holtby with a rebound.
19:59 of 1st period - Snap shot by Jamie Benn.
19:59 of 1st period - Shot Blocked by Erik Gudbranson.
Goals for this period are 1 for Panthers vs 1 for Senateurs.
Shots for this period are 3 for Panthers vs 11 for Senateurs.

2nd period


0:01 of 2nd period - Drew Stafford wins face-off versus Sidney Crosby in neutral zone.
0:28 of 2nd period - Slapshot by Jonathan Sigalet.
0:28 of 2nd period - Shot Blocked by Dion Phaneuf.
0:32 of 2nd period - Wrist shot by Kyle Clifford.
0:32 of 2nd period - Shot Blocked by Daniel Sedin.
0:38 of 2nd period - Slapshot by Kyle Clifford.
0:38 of 2nd period - Stopped by Roberto Luongo with a rebound.
0:40 of 2nd period - Snap shot by Jonathan Sigalet.
0:40 of 2nd period - Stopped by Roberto Luongo without a rebound.
0:41 of 2nd period - Sidney Crosby wins face-off versus Jean-Gabriel Pageau in Senateurs zone.
1:22 of 2nd period - Penalty to Jonathan Matsumoto is over, Jonathan Matsumoto is back on ice.
1:30 of 2nd period - Slapshot by Nate Prosser.
1:30 of 2nd period - Deflect By Evgeni Malkin.
1:30 of 2nd period - Goal by Evgeni Malkin - Panthers : 1 - Senateurs : 2.
1:31 of 2nd period - Alex Galchenyuk wins face-off versus Sidney Crosby in neutral zone.
1:34 of 2nd period - Wrist shot by Matt Duchene.
1:34 of 2nd period - Stopped by Roberto Luongo with a rebound.
2:08 of 2nd period - Snap shot by Daniel Sedin.
2:08 of 2nd period - Stopped by Braden Holtby with a rebound.
2:40 of 2nd period - Snap shot by Jonathan Matsumoto.
2:40 of 2nd period - Stopped by Roberto Luongo with a rebound.
3:10 of 2nd period - Wrist shot by Ryan Hollweg.
3:10 of 2nd period - Deflect By Sidney Crosby.
3:10 of 2nd period - Stopped by Braden Holtby with a rebound.
3:28 of 2nd period - Wrist shot by Daniel Briere.
3:28 of 2nd period - Stopped by Braden Holtby without a rebound.
3:29 of 2nd period - Stephen Weiss wins face-off versus Daniel Briere in Panthers zone.
3:29 of 2nd period - Stephen Weiss is hit by Daniel Briere.
3:37 of 2nd period - Snap shot by Erik Gudbranson.
3:37 of 2nd period - Deflect By Daniel Briere.
3:37 of 2nd period - Stopped by Roberto Luongo without a rebound.
3:38 of 2nd period - Sidney Crosby wins face-off versus Matt Duchene in Senateurs zone.
3:53 of 2nd period - Slapshot by Marek Svatos.
3:53 of 2nd period - Stopped by Roberto Luongo without a rebound.
3:54 of 2nd period - Jean-Gabriel Pageau wins face-off versus Colby Armstrong in Senateurs zone.
3:55 of 2nd period - Snap shot by Kyle Clifford.
3:55 of 2nd period - Shot Blocked by Duncan Keith.
4:23 of 2nd period - Wrist shot by Marek Svatos.
4:23 of 2nd period - Shot Misses the Net.
4:25 of 2nd period - Wrist shot by Marek Svatos.
4:25 of 2nd period - Shot Blocked by Nate Prosser.
4:27 of 2nd period - Slapshot by Brandon Gormley.
4:27 of 2nd period - Shot Blocked by Nate Prosser.
4:29 of 2nd period - Wrist shot by Brandon Gormley.
4:29 of 2nd period - Shot Misses the Net.
4:41 of 2nd period - Nate Prosser is hit by Steve Quailer and loses puck.
5:06 of 2nd period - Slapshot by Jonathan Matsumoto.
5:06 of 2nd period - Stopped by Roberto Luongo with a rebound.
5:08 of 2nd period - Slapshot by Jonathan Sigalet.
5:08 of 2nd period - Deflect By Carlo Colaiacovo.
5:08 of 2nd period - Stopped by Roberto Luongo with a rebound.
5:10 of 2nd period - Slapshot by Erik Gudbranson.
5:10 of 2nd period - Stopped by Roberto Luongo without a rebound.
5:11 of 2nd period - Sidney Crosby wins face-off versus Matt Duchene in Senateurs zone.
5:26 of 2nd period - Slapshot by Sidney Crosby.
5:26 of 2nd period - Stopped by Braden Holtby with a rebound.
5:28 of 2nd period - Snap shot by Cody Franson.
5:28 of 2nd period - Shot Misses the Net.
5:34 of 2nd period - Double Minor Penalty to Marek Svatos for Roughing.
5:35 of 2nd period - Jean-Gabriel Pageau wins face-off versus Sidney Crosby in Panthers zone.
5:47 of 2nd period - Slapshot by Dion Phaneuf.
5:47 of 2nd period - Shot Blocked by Erik Gudbranson.
5:49 of 2nd period - Slapshot by Cody Franson.
5:49 of 2nd period - Stopped by Braden Holtby without a rebound.
5:50 of 2nd period - Jean-Gabriel Pageau wins face-off versus Sidney Crosby in Panthers zone.
7:47 of 2nd period - Brandon Gormley is hit by Carlo Colaiacovo.
7:57 of 2nd period - Erik Gudbranson is hit by Duncan Keith and loses puck.
9:01 of 2nd period - Matt Irwin is hit by Jamie Benn and loses puck.
9:34 of 2nd period - Penalty to Marek Svatos is over, Marek Svatos is back on ice.
9:51 of 2nd period - Snap shot by Alex Galchenyuk.
9:51 of 2nd period - Goal by Alex Galchenyuk - Panthers : 2 - Senateurs : 2.
9:52 of 2nd period - Sidney Crosby wins face-off versus Stephen Weiss in neutral zone.
10:01 of 2nd period - Snap shot by Phil Kessel.
10:01 of 2nd period - Stopped by Braden Holtby with a rebound.
10:09 of 2nd period - Snap shot by Stephen Weiss.
10:09 of 2nd period - Stopped by Roberto Luongo with a rebound.
11:24 of 2nd period - Wrist shot by Dany Heatley.
11:24 of 2nd period - Stopped by Roberto Luongo without a rebound.
11:25 of 2nd period - Evgeni Malkin wins face-off versus Stephen Weiss in Senateurs zone.
11:38 of 2nd period - Snap shot by Steve Quailer.
11:38 of 2nd period - Shot Misses the Net.
11:40 of 2nd period - Snap shot by Steve Quailer.
11:40 of 2nd period - Shot Misses the Net.
11:42 of 2nd period - Slapshot by Jonathan Sigalet.
11:42 of 2nd period - Shot Blocked by Duncan Keith.
12:01 of 2nd period - Snap shot by Alex Galchenyuk.
12:01 of 2nd period - Shot Misses the Net.
12:20 of 2nd period - Icing by Drew Stafford.
12:21 of 2nd period - Evgeni Malkin wins face-off versus Jean-Gabriel Pageau in Panthers zone.
12:37 of 2nd period - Slapshot by Kyle Clifford.
12:37 of 2nd period - Shot Misses the Net.
12:39 of 2nd period - Wrist shot by Drew Stafford.
12:39 of 2nd period - Stopped by Roberto Luongo with a rebound.
12:41 of 2nd period - Wrist shot by Jean-Gabriel Pageau.
12:41 of 2nd period - Shot Misses the Net.
12:43 of 2nd period - Slapshot by Kurtis Foster.
12:43 of 2nd period - Stopped by Roberto Luongo without a rebound.
12:44 of 2nd period - Matt Duchene wins face-off versus Sidney Crosby in Senateurs zone.
12:55 of 2nd period - Slapshot by Marek Svatos.
12:55 of 2nd period - Stopped by Roberto Luongo without a rebound.
12:56 of 2nd period - Matt Duchene wins face-off versus Sidney Crosby in Senateurs zone.
13:08 of 2nd period - Minor Penalty to Dion Phaneuf for Hooking.
13:09 of 2nd period - Marek Svatos wins face-off versus Sidney Crosby in Senateurs zone.
13:13 of 2nd period - Snap shot by Marek Svatos.
13:13 of 2nd period - Deflect By Cody Franson.
13:13 of 2nd period - Shot Misses the Net.
13:13 of 2nd period - Puck is out of play.
13:14 of 2nd period - Matt Duchene wins face-off versus Sidney Crosby in Senateurs zone.
13:21 of 2nd period - Slapshot by Marek Svatos.
13:21 of 2nd period - Shot Misses the Net.
14:25 of 2nd period - Slapshot by Duncan Keith.
14:25 of 2nd period - Shot Misses the Net.
14:27 of 2nd period - Slapshot by Jamie Benn.
14:27 of 2nd period - Shot Hit the Post.
15:08 of 2nd period - Penalty to Dion Phaneuf is over, Dion Phaneuf is back on ice.
15:25 of 2nd period - Stephen Weiss is hit by Colby Armstrong and loses puck.
16:03 of 2nd period - Jonathan Matsumoto is hit by Phil Kessel and loses puck.
16:10 of 2nd period - Slapshot by Jamie Benn.
16:10 of 2nd period - Stopped by Braden Holtby without a rebound.
16:11 of 2nd period - Evgeni Malkin wins face-off versus Matt Duchene in Panthers zone.
16:20 of 2nd period - Snap shot by Evgeni Malkin.
16:20 of 2nd period - Shot Blocked by Matt Irwin.
17:06 of 2nd period - Wrist shot by Sergei Kostitsyn.
17:06 of 2nd period - Shot Blocked by Kurtis Foster.
17:18 of 2nd period - Matt Irwin is hit by Sidney Crosby and loses puck.
18:05 of 2nd period - Slapshot by Steve Montador.
18:05 of 2nd period - Shot Blocked by Evgeni Malkin.
18:07 of 2nd period - Snap shot by Drew Stafford.
18:07 of 2nd period - Shot Blocked by Carlo Colaiacovo.
18:09 of 2nd period - Snap shot by Drew Stafford.
18:09 of 2nd period - Deflect By Evgeni Malkin.
18:09 of 2nd period - Shot Misses the Net.
18:09 of 2nd period - Puck is out of play.
18:10 of 2nd period - Daniel Briere wins face-off versus Matt Duchene in Senateurs zone.
18:17 of 2nd period - Slapshot by Sergei Kostitsyn.
18:17 of 2nd period - Shot Misses the Net.
18:41 of 2nd period - Alex Galchenyuk is hit by Radim Vrbata and loses puck.
19:06 of 2nd period - Snap shot by Daniel Briere.
19:06 of 2nd period - Stopped by Braden Holtby without a rebound.
19:07 of 2nd period - Sidney Crosby wins face-off versus Jean-Gabriel Pageau in Panthers zone.
19:08 of 2nd period - Snap shot by Phil Kessel.
19:08 of 2nd period - Shot Misses the Net.
19:16 of 2nd period - Snap shot by Phil Kessel.
19:16 of 2nd period - Shot Blocked by Drew Stafford.
19:42 of 2nd period - Wrist shot by Stephen Weiss.
19:42 of 2nd period - Shot Blocked by Colby Armstrong.
19:56 of 2nd period - Matt Irwin is hit by Sidney Crosby and loses puck.
Goals for this period are 1 for Panthers vs 1 for Senateurs.
Shots for this period are 15 for Panthers vs 9 for Senateurs.

3rd period


0:01 of 3rd period - Marek Svatos wins face-off versus Sidney Crosby in neutral zone.
0:08 of 3rd period - Wrist shot by Alex Galchenyuk.
0:08 of 3rd period - Shot Misses the Net.
0:13 of 3rd period - Off-side.
0:14 of 3rd period - Jamie Benn wins face-off versus Marek Svatos in neutral zone.
0:24 of 3rd period - Snap shot by Sidney Crosby.
0:24 of 3rd period - Shot Misses the Net.
0:49 of 3rd period - Snap shot by Marek Svatos.
0:49 of 3rd period - Shot Misses the Net.
0:57 of 3rd period - Snap shot by Marek Svatos.
0:57 of 3rd period - Shot Misses the Net.
0:59 of 3rd period - Snap shot by Marek Svatos.
0:59 of 3rd period - Shot Misses the Net.
1:01 of 3rd period - Slapshot by Matt Duchene.
1:01 of 3rd period - Stopped by Roberto Luongo without a rebound.
1:02 of 3rd period - Jean-Gabriel Pageau wins face-off versus Sidney Crosby in Senateurs zone.
1:28 of 3rd period - Minor Penalty to Erik Gudbranson for Hooking.
1:29 of 3rd period - Sidney Crosby wins face-off versus Jean-Gabriel Pageau in Panthers zone.
2:01 of 3rd period - Snap shot by Evgeni Malkin.
2:01 of 3rd period - Shot Blocked by Brandon Gormley.
2:03 of 3rd period - Slapshot by Nate Prosser.
2:03 of 3rd period - Shot Misses the Net.
2:05 of 3rd period - Snap shot by Colby Armstrong.
2:05 of 3rd period - Shot Blocked by Kyle Clifford.
3:06 of 3rd period - Dion Phaneuf is hit by Kurtis Foster and loses puck.
3:19 of 3rd period - Dion Phaneuf is hit by Dany Heatley and loses puck.
3:28 of 3rd period - Penalty to Erik Gudbranson is over, Erik Gudbranson is back on ice.
3:33 of 3rd period - Brandon Gormley is hit by Daniel Sedin and loses puck.
5:17 of 3rd period - Slapshot by Matt Irwin.
5:17 of 3rd period - Shot Misses the Net.
6:12 of 3rd period - Snap shot by Alex Galchenyuk.
6:12 of 3rd period - Stopped by Roberto Luongo without a rebound.
6:13 of 3rd period - Matt Duchene wins face-off versus Daniel Briere in Senateurs zone.
6:18 of 3rd period - Snap shot by Alex Galchenyuk.
6:18 of 3rd period - Shot Blocked by Dion Phaneuf.
6:20 of 3rd period - Snap shot by Alex Galchenyuk.
6:20 of 3rd period - Goal by Alex Galchenyuk - Panthers : 3 - Senateurs : 2.
6:21 of 3rd period - Sidney Crosby wins face-off versus Matt Duchene in neutral zone.
6:34 of 3rd period - Wrist shot by Phil Kessel.
6:34 of 3rd period - Deflect By Matt Duchene.
6:34 of 3rd period - Shot Misses the Net.
6:34 of 3rd period - Puck is out of play.
6:35 of 3rd period - Jean-Gabriel Pageau wins face-off versus Sidney Crosby in Panthers zone.
6:37 of 3rd period - Minor Penalty to Kyle Clifford for Goalie Interference.
6:38 of 3rd period - Drew Stafford wins face-off versus Sidney Crosby in Panthers zone.
7:05 of 3rd period - Phil Kessel is hit by Erik Gudbranson.
7:23 of 3rd period - Slapshot by Dion Phaneuf.
7:23 of 3rd period - Deflect By Phil Kessel.
7:23 of 3rd period - Shot Blocked by Jean-Gabriel Pageau.
7:23 of 3rd period - Puck is out of play.
7:24 of 3rd period - Evgeni Malkin wins face-off versus Jean-Gabriel Pageau in Panthers zone.
7:25 of 3rd period - Snap shot by Daniel Sedin.
7:25 of 3rd period - Shot Misses the Net.
7:27 of 3rd period - Snap shot by Duncan Keith.
7:27 of 3rd period - Stopped by Braden Holtby with a rebound.
7:37 of 3rd period - Snap shot by Evgeni Malkin.
7:37 of 3rd period - Stopped by Braden Holtby without a rebound.
7:38 of 3rd period - Jean-Gabriel Pageau wins face-off versus Evgeni Malkin in Panthers zone.
8:37 of 3rd period - Penalty to Kyle Clifford is over, Kyle Clifford is back on ice.
8:47 of 3rd period - Wrist shot by Evgeni Malkin.
8:47 of 3rd period - Stopped by Braden Holtby without a rebound.
8:48 of 3rd period - Sidney Crosby wins face-off versus Matt Duchene in Panthers zone.
9:15 of 3rd period - Dany Heatley is hit by Sergei Kostitsyn and loses puck.
9:20 of 3rd period - Slapshot by Sergei Kostitsyn.
9:20 of 3rd period - Stopped by Braden Holtby without a rebound.
9:21 of 3rd period - Jean-Gabriel Pageau wins face-off versus Daniel Briere in Panthers zone.
9:42 of 3rd period - Wrist shot by Radim Vrbata.
9:42 of 3rd period - Shot Blocked by Brandon Gormley.
10:00 of 3rd period - Wrist shot by Daniel Briere.
10:00 of 3rd period - Shot Blocked by Brandon Gormley.
10:02 of 3rd period - Snap shot by Sergei Kostitsyn.
10:02 of 3rd period - Deflect By Radim Vrbata.
10:02 of 3rd period - Shot Misses the Net.
10:02 of 3rd period - Puck is out of play.
10:03 of 3rd period - Matt Duchene wins face-off versus Jamie Benn in Panthers zone.
10:05 of 3rd period - Minor Penalty to Jonathan Sigalet for Roughing.
10:06 of 3rd period - Jean-Gabriel Pageau wins face-off versus Sidney Crosby in Panthers zone.
10:32 of 3rd period - Colby Armstrong is hit by Jonathan Matsumoto and loses puck.
12:05 of 3rd period - Penalty to Jonathan Sigalet is over, Jonathan Sigalet is back on ice.
12:06 of 3rd period - Icing by Matt Duchene.
12:07 of 3rd period - Jamie Benn wins face-off versus Dany Heatley in Panthers zone.
12:20 of 3rd period - Slapshot by Matt Duchene.
12:20 of 3rd period - Shot Misses the Net.
13:46 of 3rd period - Matt Duchene is hit by Colby Armstrong and loses puck.
13:59 of 3rd period - Daniel Paille is hit by Phil Kessel and loses puck.
14:14 of 3rd period - Snap shot by Matt Irwin.
14:14 of 3rd period - Deflect By Cody Franson.
14:14 of 3rd period - Stopped by Roberto Luongo without a rebound.
14:15 of 3rd period - Evgeni Malkin wins face-off versus Stephen Weiss in Senateurs zone.
14:15 of 3rd period - Evgeni Malkin is hit by Steve Montador.
14:31 of 3rd period - Slapshot by Evgeni Malkin.
14:31 of 3rd period - Stopped by Braden Holtby without a rebound.
14:32 of 3rd period - Matt Duchene wins face-off versus Sidney Crosby in Panthers zone.
14:32 of 3rd period - Matt Duchene is hit by Cody Franson.
14:38 of 3rd period - Slapshot by Phil Kessel.
14:38 of 3rd period - Stopped by Braden Holtby with a rebound.
15:07 of 3rd period - Evgeni Malkin is hit by Erik Gudbranson and loses puck.
15:28 of 3rd period - Radim Vrbata is hit by Stephen Weiss and loses puck.
15:47 of 3rd period - Wrist shot by Matt Duchene.
15:47 of 3rd period - Shot Misses the Net.
15:49 of 3rd period - Snap shot by Alex Galchenyuk.
15:49 of 3rd period - Shot Misses the Net.
15:51 of 3rd period - Snap shot by Matt Duchene.
15:51 of 3rd period - Deflect By Alex Galchenyuk.
15:51 of 3rd period - Stopped by Roberto Luongo with a rebound.
15:53 of 3rd period - Snap shot by Matt Duchene.
15:53 of 3rd period - Goal by Matt Duchene - Panthers : 4 - Senateurs : 2.
15:54 of 3rd period - Sidney Crosby wins face-off versus Stephen Weiss in neutral zone.
16:10 of 3rd period - Wrist shot by Dany Heatley.
16:10 of 3rd period - Shot Blocked by Cody Franson.
17:16 of 3rd period - Slapshot by Stephen Weiss.
17:16 of 3rd period - Deflect By Steve Quailer.
17:16 of 3rd period - Goal by Steve Quailer - Panthers : 5 - Senateurs : 2.
17:17 of 3rd period - Matt Duchene wins face-off versus Jamie Benn in neutral zone.
17:44 of 3rd period - Erik Gudbranson is hit by Colby Armstrong and loses puck.
18:19 of 3rd period - Snap shot by Steve Quailer.
18:19 of 3rd period - Stopped by Roberto Luongo with a rebound.
18:39 of 3rd period - Wrist shot by Sidney Crosby.
18:39 of 3rd period - Deflect By Ryan Hollweg.
18:39 of 3rd period - Shot Blocked by Erik Gudbranson.
18:39 of 3rd period - Puck is out of play.
18:40 of 3rd period - Jean-Gabriel Pageau wins face-off versus Evgeni Malkin in Panthers zone.
18:51 of 3rd period - Wrist shot by Jean-Gabriel Pageau.
18:51 of 3rd period - Shot Misses the Net.
18:53 of 3rd period - Snap shot by Drew Stafford.
18:53 of 3rd period - Shot Misses the Net.
18:55 of 3rd period - Wrist shot by Drew Stafford.
18:55 of 3rd period - Shot Blocked by Cody Franson.
19:14 of 3rd period - Snap shot by Phil Kessel.
19:14 of 3rd period - Shot Misses the Net.
19:22 of 3rd period - Dion Phaneuf is hit by Matt Duchene and loses puck.
19:55 of 3rd period - Wrist shot by Sidney Crosby.
19:55 of 3rd period - Shot Misses the Net.
19:57 of 3rd period - Wrist shot by Jamie Benn.
19:57 of 3rd period - Stopped by Braden Holtby without a rebound.
19:58 of 3rd period - Jean-Gabriel Pageau wins face-off versus Evgeni Malkin in Panthers zone.
Goals for this period are 3 for Panthers vs 0 for Senateurs.
Shots for this period are 8 for Panthers vs 7 for Senateurs.